 Dungeon Crawl Stone Soup version 0.19-a0-1697-g0595f0e (webtiles) character file.

90 MistressOfTheDunes the Insei (level 4, 0/35 HPs)
             Began as a Mummy Monk on Sept 26, 2016.
             Slain by a jackal (2 damage)
             ... on level 2 of the Dungeon.
             The game lasted 00:01:47 (2177 turns).

MistressOfTheDunes the Insei (Mummy Monk)           Turns: 2177, Time: 00:01:49

Health: 0/35       AC:  1    Str: 14    XL:     4   Next: 32%
Magic:  4/4        EV: 13    Int:  9    God:
Gold:   215        SH:  0    Dex: 15    Spells: 0 memorised, 3 levels left

rFire  x . .     SeeInvis .       - Unarmed
rCold  + . .     Gourm    .     (no armour)
rNeg   + + +     Faith    .     (no shield)
rPois  ∞         Spirit   .     (no helmet)
rElec  .         Dismiss  .     (no cloak)
rCorr  .         Reflect  .     (no gloves)
MR     .....     Harm     .     (no boots)
Stlth  ++........               (no amulet)
                                (no ring)
                                (no ring)

@: no status effects
A: no food or potions, fire vulnerability, cold resistance 1, negative energy
resistance 3, torment resistance, unbreathing
a: no special abilities


You were on level 2 of the Dungeon.
You were not hungry.

You visited 1 branch of the dungeon, and saw 2 of its levels.

You collected 215 gold pieces.


Innate Abilities, Weirdness & Mutations

You do not eat or drink.
Your flesh is vulnerable to fire.
You are immune to poison.
Your flesh is cold resistant. (rC+)
You are immune to negative energy. (rN+++)
You are immune to unholy pain and torment.
You can survive without breathing.


   Skills:
 - Level 3.0 Fighting
 - Level 2.4 Dodging
 - Level 1.5 Stealth
 + Level 4.2 Unarmed Combat


You had 3 spell levels left.
You didn't know any spells.

Inventory:

Jewellery
 f - an uncursed amulet of rage {unknown}
Scrolls
 a - a scroll of noise {unknown}
 b - a scroll of identify {unknown}
 c - 3 scrolls of enchant weapon
 d - 2 scrolls of remove curse {unknown}
 e - 2 scrolls of recharging {unknown}
 g - 2 scrolls of magic mapping {unknown}

Dungeon Overview and Level Annotations

Branches:
Dungeon (2/15)

Altars:

Annotations:
D:2 1 runed door

▒.▒▒.▒ ▒.▒
▒▒.▒▒ ...▒†▒
▒.▒ ▒.▒ .....▒
▒.▒ ▒.▒ ...▒▒▒
▒.▒ ▒.▒ ▒.▒
▒.▒ ▒.▒ ▒. ▒.▒
▒.▒ ▒ ▒.▒ ▒.▒
▒.▒▒.▒▒▒▒.▒
▒...hhM...▒
h......h▒▒▒▒▒▒
▒▒▒▒▒▒▒▒▒


You could see 3 jackals.


Message History

You barely miss the adder!
The adder is moderately wounded!
The jackal barks!!!
The adder bites you! * * * don't die
* * * You completely miss the adder!
The adder is moderately wounded!
The adder bites you! * * * don't die
* * * You pulverise the adder but do no damage!
The adder is moderately wounded!
The adder closely misses you! The adder bites you! * * * don't die
* * * You beat the adder into a bloody pulp!!!
The adder is almost dead!
The adder misses you!
You closely miss the adder!
The adder is almost dead!
The adder closely misses you!
You squash the adder like an ant!
You annihilate the adder!!!
You closely miss the jackal!
You squash the jackal like an ant!
The jackal is heavily wounded!
The jackal barely misses you! The jackal bites you! * * * don't die
* * * You squash the jackal but do no damage!
You punch the jackal!
You annihilate the jackal!!!
The jackal bites you! rip

Action                   |  1- 3 |  4- 6 || total
-------------------------+-------+-------++-------
Melee: Unarmed           |    91 |    21 ||   112
       Punch             |     1 |     1 ||     2
  Use: Scroll            |     1 |       ||     1
 Stab: Sleeping          |     6 |       ||     6
Armor: Skin              |     7 |     1 ||     8
Dodge: Dodged            |    45 |    11 ||    56

Vault maps used:
D:1:      minmay_arrival_five_plusses, hangedman_decor_growths
D:2:      yredelemnul_forgotten_temple_becter, minmay_goblin_kobold_house,
          uniq_terence, uniq_jessica, uniq_crazy_yiuf_cottage

Notes
Turn   | Place    | Note
-------+----------+-------------------------------------------
     0 | D:1      | MistressOfTheDunes the Mummy Monk began the quest for the Orb.
     0 | D:1      | Reached XP level 1. HP: 18/18 MP: 1/1
   706 | D:2      | Reached skill level 3 in Unarmed Combat
   706 | D:2      | Reached XP level 2. HP: 5/24 MP: 2/2
  1086 | D:2      | Found a runed door.
  1183 | D:2      | Noticed Jessica
  1336 | D:2      | Killed Jessica
  1336 | D:2      | Reached XP level 3. HP: 18/29 MP: 3/3
  1460 | D:2      | Noticed Terence
  1931 | D:2      | Killed Terence
  1931 | D:2      | Reached skill level 4 in Unarmed Combat
  1931 | D:2      | Reached XP level 4. HP: 13/35 MP: 4/4
  2176 | D:2      | HP: 2/35 [jackal (3)]
  2177 | D:2      | Slain by a jackal

Vanquished Creatures
  Jessica (D:2)
  Terence (D:2)
  An adder (D:2)
  A worm (D:2)
  3 leopard geckos (D:2)
  A giant cockroach (D:2)
  A hobgoblin (D:1)
  A jackal (D:2)
  A quokka (D:2)
  A ball python (D:2)
  3 bats
  A frilled lizard (D:1)
  4 goblins
  5 kobolds
  2 rats (D:1)
27 creatures vanquished.
